| TOP OF THE 1ST |
|
State College Spikes batting - Pitching for Los Angeles (NYP) Dodgers : RHP Chris Hodge
|
|
Pitching: RHP Chris Hodge
|
|
|
Batting: LHB Robert Rauda
|
0-0: Called Strike 0-1: Swinging Strike 0-2: Ball 1-2: Ball 2-2: Ground out 6-3 (Groundball, 6, EV 109.4 MPH)
|
|
Batting: LHB Adam Eisen
|
0-0: Swinging Strike 0-1: Ball 1-1: Foul Ball, location: 2F 1-2: Foul Ball, location: 2F 1-2: Foul Ball, location: 2F 1-2: Foul Ball, location: 2F 1-2: Ball 2-2: Ball 3-2: Fly out, F8 (Flyball, 8RM, EV 79.4 MPH)
|
|
Batting: RHB Mark Marks
|
0-0: Ball 1-0: Foul Ball, location: 2F 1-1: Ball 2-1: Foul Ball, location: 2F 2-2: Ball 3-2: SINGLE (Line Drive, 56, EV 96.9 MPH)
|
|
Batting: RHB Mark Cahill
|
0-0: Foul Ball, location: 2F 0-1: Ball 1-1: Ball 2-1: Foul Ball, location: 2F 2-2: Strikes out swinging
|
| Top of the 1st over - 0 runs, 1 hit, 0 errors, 1 left on base; State College 0 - Los Angeles (NYP) 0 |
| BOTTOM OF THE 1ST |
|
Los Angeles (NYP) Dodgers batting - Pitching for State College Spikes : RHP Jim Vickers
|
|
Pitching: RHP Jim Vickers
|
|
|
Batting: RHB Mario Mejia
|
0-0: Foul Ball, location: 2F 0-1: Foul Ball, location: 2F 0-2: Strikes out swinging
|
|
Batting: RHB Leo Cuellar
|
0-0: Ball 1-0: Swinging Strike 1-1: Ball 2-1: Foul Ball, location: 2F 2-2: Foul Ball, location: 2F 2-2: Ball 3-2: Ground out 1-3 (Groundball, 13S, EV 61.9 MPH)
|
|
Batting: LHB Kippy McGrath
|
0-0: Ball 1-0: Called Strike 1-1: Called Strike 1-2: Strikes out swinging
|
| Bottom of the 1st over - 0 runs, 0 hits, 0 errors, 0 left on base; State College 0 - Los Angeles (NYP) 0 |
| TOP OF THE 2ND |
|
State College Spikes batting - Pitching for Los Angeles (NYP) Dodgers : RHP Chris Hodge
|
|
Batting: RHB Immel Kamuzu
|
0-0: Foul Ball, location: 2F 0-1: Called Strike 0-2: Fly out, F7 (Line Drive, 7D, EV 93.1 MPH)
|
|
Batting: SHB Steve Barnett
|
0-0: Foul Ball, location: 2F 0-1: Foul Ball, location: 2F 0-2: Ball 1-2: Ball 2-2: Fly out, F9 (Flyball, 9LS, EV 88.8 MPH)
|
|
Batting: LHB Dustin Horsley
|
0-0: Ball 1-0: Ball 2-0: Called Strike 2-1: Ball 3-1: Swinging Strike 3-2: Strikes out swinging, 2-3 out at first.
|
| Top of the 2nd over - 0 runs, 0 hits, 0 errors, 0 left on base; State College 0 - Los Angeles (NYP) 0 |
| BOTTOM OF THE 2ND |
|
Los Angeles (NYP) Dodgers batting - Pitching for State College Spikes : RHP Jim Vickers
|
|
Batting: RHB Eddie Perry
|
0-0: Called Strike 0-1: Called Strike 0-2: Ball 1-2: Strikes out swinging
|
|
Batting: LHB Bobby Gambrell
|
0-0: Ball 1-0: Ball 2-0: Ground out 1-3 (Groundball, 25, EV 67.5 MPH)
|
|
Batting: LHB Fernando Amaya
|
0-0: Ball 1-0: Called Strike 1-1: Swinging Strike 1-2: Foul Ball, location: 2F 1-2: Ball 2-2: Ball 3-2: Fly out, F8 (Flyball, 8RD, EV 96.9 MPH)
|
| Bottom of the 2nd over - 0 runs, 0 hits, 0 errors, 0 left on base; State College 0 - Los Angeles (NYP) 0 |
| TOP OF THE 3RD |
|
State College Spikes batting - Pitching for Los Angeles (NYP) Dodgers : RHP Chris Hodge
|
|
Batting: RHB Francisco de la Cruz
|
0-0: Reached on error, E2 (Groundball, 2L, EV 76.2 MPH)
|
|
Batting: RHB Ray Souza
|
0-0: Ball 1-0: Swinging Strike 1-1: Hit by Pitch Francisco de la Cruz to second
|
|
Batting: LHB Robert Rauda
|
0-0: Foul Ball, location: 2F 0-1: Ball 1-1: Ball Wild Pitch! Francisco de la Cruz to third Ray Souza to second 2-1: Ball 3-1: Foul Ball, location: 2F 3-2: Foul Ball, location: 2F 3-2: Foul Ball, location: 2F 3-2: Foul Ball, location: 2F 3-2: Foul Ball, location: 2F 3-2: Foul Ball, location: 2F 3-2: Base on Balls
|
|
Batting: LHB Adam Eisen
|
0-0: Called Strike 0-1: Ball 1-1: Swinging Strike 1-2: Ball 2-2: Foul Ball, location: 2F 2-2: Foul Ball, location: 2F 2-2: Ball 3-2: Base on Balls Francisco de la Cruz scores Ray Souza to third Robert Rauda to second
|
|
Batting: RHB Mark Marks
|
0-0: Ball 1-0: Ball 2-0: Called Strike 2-1: Ball 3-1: Base on Balls Ray Souza scores Robert Rauda to third Adam Eisen to second
|
|
Batting: RHB Mark Cahill
|
0-0: Called Strike 0-1: Ball 1-1: Ball 2-1: Ball 3-1: Base on Balls Robert Rauda scores Adam Eisen to third Mark Marks to second
|
|
Batting: RHB Immel Kamuzu
|
0-0: Ball 1-0: Ball 2-0: Ball 3-0: Base on Balls Adam Eisen scores Mark Marks to third Mark Cahill to second
|
|
Batting: SHB Steve Barnett
|
0-0: Ball 1-0: Swinging Strike 1-1: Ball 2-1: Grounds into double play, 4-6-3 (Groundball, 4, EV 82.5 MPH) Mark Marks scores Mark Cahill to third
|
|
Pitching: RHP Cody Bryant
|
|
|
Batting: LHB Dustin Horsley
|
0-0: Called Strike 0-1: Ball 1-1: Ball Passed Ball! Mark Cahill scores 2-1: Swinging Strike 2-2: Fly out, F7 (Line Drive, 7S, EV 93.1 MPH)
|
| Top of the 3rd over - 6 runs, 0 hits, 1 error, 0 left on base; State College 6 - Los Angeles (NYP) 0 |
| BOTTOM OF THE 3RD |
|
Los Angeles (NYP) Dodgers batting - Pitching for State College Spikes : RHP Jim Vickers
|
|
Batting: LHB Stephen Van Raalte
|
0-0: Called Strike 0-1: Swinging Strike 0-2: Foul Ball, location: 2F 0-2: Ball 1-2: Ground out U3 (Groundball, 3, EV 97.5 MPH)
|
|
Batting: RHB Jonathan Quijada
|
0-0: Ball 1-0: Ball 2-0: Ground out 5-3 (Groundball, 56S, EV 91.2 MPH)
|
|
Batting: SHB John Gernaat
|
0-0: Ball 1-0: Called Strike 1-1: Foul Ball, location: 2F 1-2: Foul Ball, location: 2F 1-2: SINGLE (Flyball, 8LS, EV 95.6 MPH)
|
|
Batting: RHB Mario Mejia
|
0-0: Ball 1-0: Ball John Gernaat steals 2nd base (no throw) 2-0: Called Strike 2-1: Ground out 6-3 (Groundball, 6, EV 85.6 MPH)
|
| Bottom of the 3rd over - 0 runs, 1 hit, 0 errors, 1 left on base; State College 6 - Los Angeles (NYP) 0 |
| TOP OF THE 4TH |
|
State College Spikes batting - Pitching for Los Angeles (NYP) Dodgers : RHP Cody Bryant
|
|
Batting: RHB Francisco de la Cruz
|
0-0: Fly out, F7 (Flyball, 7D, EV 92.5 MPH)
|
|
Batting: RHB Ray Souza
|
0-0: Ground out 6-3 (Groundball, 6, EV 85.6 MPH)
|
|
Batting: LHB Robert Rauda
|
0-0: Ball 1-0: Ball 2-0: Called Strike 2-1: Called Strike 2-2: Ball 3-2: Base on Balls
|
|
Batting: LHB Adam Eisen
|
0-0: Called Strike Robert Rauda steals 2nd base 0-1: Ball 1-1: Ball Wild Pitch! Robert Rauda to third 2-1: Ground out 6-3 (Groundball, 6, EV 92.5 MPH)
|
| Top of the 4th over - 0 runs, 0 hits, 0 errors, 1 left on base; State College 6 - Los Angeles (NYP) 0 |
| BOTTOM OF THE 4TH |
|
Los Angeles (NYP) Dodgers batting - Pitching for State College Spikes : RHP Jim Vickers
|
|
Batting: RHB Leo Cuellar
|
0-0: Swinging Strike 0-1: Reached on error, E5 (Groundball, 56, EV 85.0 MPH)
|
|
Batting: LHB Kippy McGrath
|
0-0: Ball 1-0: Ball Leo Cuellar steals 3rd base 2-0: Called Strike 2-1: Fly out, F6 (Popup, 6, EV 71.2 MPH)
|
|
Batting: RHB Eddie Perry
|
0-0: Fly out, F8 (Flyball, 8LD, EV 96.9 MPH) Runner from 3rd tags up, SCORES, throw by CF
|
|
Batting: LHB Bobby Gambrell
|
0-0: Ball 1-0: Called Strike 1-1: Fly out, F7 (Flyball, 78D, EV 103.8 MPH)
|
| Bottom of the 4th over - 1 run, 0 hits, 1 error, 0 left on base; State College 6 - Los Angeles (NYP) 1 |
| TOP OF THE 5TH |
|
State College Spikes batting - Pitching for Los Angeles (NYP) Dodgers : RHP Cody Bryant
|
|
Batting: RHB Mark Marks
|
0-0: Ball 1-0: Ball 2-0: Ball 3-0: Base on Balls
|
|
Batting: RHB Mark Cahill
|
0-0: Called Strike 0-1: Foul Ball, location: 2F 0-2: Ball Wild Pitch! Mark Marks to second 1-2: Ground out 6-3 (Groundball, 6, EV 83.1 MPH) Mark Marks to third
|
|
Batting: RHB Immel Kamuzu
|
0-0: Ball 1-0: Ground out 6-3 (Groundball, 6, EV 108.1 MPH) Mark Marks scores
|
|
Batting: SHB Steve Barnett
|
0-0: Swinging Strike 0-1: Foul Ball, location: 2F 0-2: Ball 1-2: Ball 2-2: Foul Ball, location: 2F 2-2: Ball 3-2: Foul Ball, location: 2F 3-2: Base on Balls
|
|
Batting: LHB Dustin Horsley
|
0-0: Called Strike 0-1: Ball 1-1: 2-RUN HOME RUN (Flyball, 9D, EV 98.8 MPH), Distance : 398 ft
|
|
Pitching: LHP Jake Hall
|
|
|
Batting: RHB Francisco de la Cruz
|
0-0: Called Strike 0-1: Ball 1-1: Foul Ball, location: 2F 1-2: Ball 2-2: Foul Ball, location: 2F 2-2: Ball 3-2: Foul Ball, location: 2F 3-2: Base on Balls
|
|
Batting: RHB Ray Souza
|
0-0: Swinging Strike 0-1: Fielders Choice at 2nd, 6-4 (Groundball, 56, EV 98.8 MPH)
|
| Top of the 5th over - 3 runs, 1 hit, 0 errors, 1 left on base; State College 9 - Los Angeles (NYP) 1 |
| BOTTOM OF THE 5TH |
|
Los Angeles (NYP) Dodgers batting - Pitching for State College Spikes : RHP Jim Vickers
|
|
Batting: LHB Fernando Amaya
|
0-0: Ball 1-0: Foul Ball, location: 2F 1-1: Fly out, F8 (Flyball, 8RM, EV 91.9 MPH)
|
|
Batting: LHB Stephen Van Raalte
|
0-0: Called Strike 0-1: Ground out U3 (Groundball, 3, EV 85.6 MPH)
|
|
Batting: RHB Jonathan Quijada
|
0-0: Called Strike 0-1: Swinging Strike 0-2: Strikes out looking
|
| Bottom of the 5th over - 0 runs, 0 hits, 0 errors, 0 left on base; State College 9 - Los Angeles (NYP) 1 |
| TOP OF THE 6TH |
|
State College Spikes batting - Pitching for Los Angeles (NYP) Dodgers : LHP Jake Hall
|
|
Batting: LHB Robert Rauda
|
0-0: Fly out, F3 (Line Drive, 3, EV 66.2 MPH)
|
|
Batting: LHB Adam Eisen
|
0-0: Called Strike 0-1: Ground out 6-3 (Groundball, 6, EV 106.2 MPH)
|
|
Batting: RHB Mark Marks
|
0-0: Ball 1-0: Ball 2-0: Called Strike 2-1: Fly out, F5 (Flyball, 5D, EV 84.4 MPH)
|
| Top of the 6th over - 0 runs, 0 hits, 0 errors, 0 left on base; State College 9 - Los Angeles (NYP) 1 |
| BOTTOM OF THE 6TH |
|
Los Angeles (NYP) Dodgers batting - Pitching for State College Spikes : RHP Jim Vickers
|
|
Batting: SHB John Gernaat
|
0-0: Swinging Strike 0-1: Ball 1-1: Ball 2-1: SINGLE (Line Drive, 8RS, EV 103.1 MPH)
|
|
Batting: RHB Mario Mejia
|
0-0: Called Strike John Gernaat steals 2nd base 0-1: Ball 1-1: Foul Ball, location: 2F 1-2: Strikes out looking
|
|
Batting: RHB Leo Cuellar
|
0-0: Called Strike John Gernaat steals 3rd, throwing error, E2 John Gernaat scores 0-1: Ball 1-1: Reached on error, E4 (Groundball, 34, EV 85.6 MPH)
|
|
Batting: LHB Kippy McGrath
|
0-0: Called Strike Leo Cuellar steals 2nd base 0-1: Foul Ball, location: 2F 0-2: Foul Ball, location: 2F 0-2: Ball 1-2: Ball 2-2: Ball 3-2: Ground out 5-3 (Groundball, 5, EV 81.9 MPH)
|
|
Pitching: RHP Asao Saito
|
|
|
Batting: RHB Eddie Perry
|
0-0: Called Strike 0-1: Foul Ball, location: 2F 0-2: Ball 1-2: Fly out, F6 (Popup, 4M, EV 66.9 MPH)
|
| Bottom of the 6th over - 1 run, 1 hit, 2 errors, 1 left on base; State College 9 - Los Angeles (NYP) 2 |
| TOP OF THE 7TH |
|
State College Spikes batting - Pitching for Los Angeles (NYP) Dodgers : LHP Jake Hall
|
|
Batting: RHB Mark Cahill
|
0-0: Ball 1-0: SINGLE (Groundball, 6MD, EV 106.9 MPH)
|
|
Pitching: RHP Dave Bible
|
|
|
Batting: RHB Immel Kamuzu
|
0-0: Foul Ball, location: 2F 0-1: Called Strike 0-2: Foul Ball, location: 2F 0-2: Ball 1-2: Strikes out looking
|
|
Batting: SHB Steve Barnett
|
0-0: Ball Passed Ball! Mark Cahill to second 1-0: Called Strike 1-1: Ball Wild Pitch! Mark Cahill to third 2-1: Foul Ball, location: 2F 2-2: DOUBLE (Flyball, 78D, EV 96.2 MPH) Mark Cahill scores
|
|
Batting: LHB Dustin Horsley
|
0-0: Ball 1-0: Ball 2-0: Ball Wild Pitch! Steve Barnett to third 3-0: Base on Balls
|
|
Batting: RHB Francisco de la Cruz
|
0-0: Foul Ball, location: 2F 0-1: Ball 1-1: Ball 2-1: Foul Ball, location: 2F 2-2: Foul Ball, location: 2F 2-2: Strikes out looking
|
|
Pitching: RHP Lee Durbin
|
|
|
Batting: RHB Ray Souza
|
0-0: Ball Passed Ball! Steve Barnett scores Dustin Horsley to second 1-0: Ball 2-0: Foul Ball, location: 2F 2-1: Ball 3-1: Base on Balls
|
|
Batting: LHB Robert Rauda
|
0-0: Called Strike 0-1: Foul Ball, location: 2F 0-2: Ball 1-2: Ball Wild Pitch! Dustin Horsley to third Ray Souza to second 2-2: DOUBLE (Line Drive, 5D, EV 97.5 MPH) Dustin Horsley scores Ray Souza scores
|
|
Batting: LHB Adam Eisen
|
0-0: Called Strike 0-1: Fly out, F8 (Flyball, 8LD, EV 90.6 MPH)
|
| Top of the 7th over - 4 runs, 3 hits, 0 errors, 1 left on base; State College 13 - Los Angeles (NYP) 2 |
| BOTTOM OF THE 7TH |
|
Los Angeles (NYP) Dodgers batting - Pitching for State College Spikes : RHP Asao Saito
|
|
Batting: LHB Bobby Gambrell
|
0-0: Ball 1-0: Foul Ball, location: 2F 1-1: Ground out 4-3 (Groundball, 4, EV 90.0 MPH)
|
|
Batting: LHB Fernando Amaya
|
0-0: Ball 1-0: Foul Ball, location: 2F 1-1: Ball 2-1: Foul Ball, location: 2F 2-2: Fly out, F7 (Flyball, 7LD, EV 83.1 MPH)
|
|
Batting: LHB Stephen Van Raalte
|
0-0: Ball 1-0: Ball 2-0: Called Strike 2-1: Ball 3-1: Foul Ball, location: 2F 3-2: Base on Balls
|
|
Batting: RHB Jonathan Quijada
|
0-0: Called Strike 0-1: Ball Wild Pitch! Stephen Van Raalte to second 1-1: Foul Ball, location: 2F 1-2: Ball 2-2: Strikes out swinging
|
| Bottom of the 7th over - 0 runs, 0 hits, 0 errors, 1 left on base; State College 13 - Los Angeles (NYP) 2 |
| TOP OF THE 8TH |
|
State College Spikes batting - Pitching for Los Angeles (NYP) Dodgers : RHP Lee Durbin
|
|
Batting: RHB Mark Marks
|
0-0: Ball 1-0: Ball 2-0: Ball 3-0: Foul Ball, location: 2F 3-1: TRIPLE (Flyball, 89XD, EV 92.5 MPH)
|
|
Batting: RHB Mark Cahill
|
0-0: Ball 1-0: Ball 2-0: Called Strike 2-1: Ball 3-1: Base on Balls
|
|
Pitching: RHP Dustin Huschka
|
|
|
Batting: RHB Immel Kamuzu
|
0-0: Called Strike 0-1: Ball Wild Pitch! Mark Marks scores Mark Cahill to second 1-1: SINGLE (Line Drive, 56, EV 95.6 MPH) Mark Cahill to third
|
|
Batting: SHB Steve Barnett
|
Balk! Mark Cahill scores Immel Kamuzu to second Balk! Immel Kamuzu to third 0-0: Ball 1-0: Called Strike 1-1: Ball 2-1: Ground out 5-3 (Groundball, 56, EV 101.9 MPH) Immel Kamuzu scores
|
|
Batting: LHB Dustin Horsley
|
0-0: Called Strike 0-1: Ball 1-1: Reached on error, E1 (Groundball, 13S, EV 67.5 MPH)
|
|
Batting: RHB Francisco de la Cruz
|
0-0: Ball 1-0: Grounds into double play, 5-4-3 (Groundball, 56S, EV 91.2 MPH)
|
| Top of the 8th over - 3 runs, 2 hits, 1 error, 0 left on base; State College 16 - Los Angeles (NYP) 2 |
| BOTTOM OF THE 8TH |
|
Los Angeles (NYP) Dodgers batting - Pitching for State College Spikes : RHP Asao Saito
|
|
Batting: SHB John Gernaat
|
0-0: Ball 1-0: Ball 2-0: Called Strike 2-1: Ball 3-1: Base on Balls
|
|
Batting: RHB Mario Mejia
|
0-0: Ball 1-0: Fielders Choice at 2nd, 5-4 (Groundball, 56, EV 79.4 MPH)
|
|
Pinch Hitting: LHB Jim Schriver
|
0-0: Called Strike 0-1: Foul Ball, location: 2F 0-2: Ball 1-2: Ball 2-2: Foul Ball, location: 2F 2-2: Ball 3-2: Foul Ball, location: 2F 3-2: SINGLE (Line Drive, 6MD, EV 96.9 MPH) Mario Mejia to second Mario Mejia to third
|
|
Batting: LHB Kippy McGrath
|
0-0: Ball 1-0: Called Strike 1-1: Swinging Strike 1-2: Ball 2-2: Foul Ball, location: 2F 2-2: Fly out, F3 (Popup, 3S, EV 71.2 MPH)
|
|
Pinch Hitting: LHB Mike Pesek
|
0-0: Ball 1-0: Foul Ball, location: 2F 1-1: Ball Wild Pitch! Mario Mejia scores Jim Schriver to second 2-1: Called Strike 2-2: Foul Ball, location: 2F 2-2: Ground out 6-3 (Groundball, 6, EV 77.5 MPH)
|
| Bottom of the 8th over - 1 run, 1 hit, 0 errors, 1 left on base; State College 16 - Los Angeles (NYP) 3 |
| TOP OF THE 9TH |
|
State College Spikes batting - Pitching for Los Angeles (NYP) Dodgers : RHP Dustin Huschka
|
|
Now at 1B: Jim Schriver
|
|
|
Now at 2B: Neal Jukic
|
|
|
Pinch Hitting: LHB Jayden Thomas
|
0-0: Ball 1-0: Ball 2-0: Ball 3-0: Called Strike 3-1: Base on Balls
|
|
Batting: LHB Robert Rauda
|
Balk! Jayden Thomas to second 0-0: Ball 1-0: Ball 2-0: Ball 3-0: Base on Balls
|
|
Batting: LHB Adam Eisen
|
0-0: Called Strike Balk! Jayden Thomas to third Robert Rauda to second 0-1: Ground out 3-1 (Groundball, 34, EV 97.5 MPH) Jayden Thomas scores Robert Rauda to third
|
|
Batting: RHB Mark Marks
|
0-0: Ball 1-0: Ball 2-0: Fly out, F8 (Flyball, 89XD, EV 95.0 MPH) Runner from 3rd tags up, SCORES, no throw by CF
|
|
Batting: RHB Mark Cahill
|
0-0: Ball 1-0: Called Strike 1-1: Foul Ball, location: 2F 1-2: Ball 2-2: Foul Ball, location: 2F 2-2: Foul Ball, location: 2F 2-2: Foul Ball, location: 2F 2-2: Strikes out swinging
|
| Top of the 9th over - 2 runs, 0 hits, 0 errors, 0 left on base; State College 18 - Los Angeles (NYP) 3 |
| BOTTOM OF THE 9TH |
|
Los Angeles (NYP) Dodgers batting - Pitching for State College Spikes : RHP Asao Saito
|
|
Now at SS: John Gibbs
|
|
|
Batting: LHB Bobby Gambrell
|
0-0: Swinging Strike 0-1: Ball 1-1: Swinging Strike 1-2: Ball 2-2: Ball 3-2: Ground out 4-3 (Groundball, 34D, EV 106.9 MPH)
|
|
Batting: LHB Fernando Amaya
|
0-0: Called Strike 0-1: Reached on error, E6 (Groundball, 6, EV 88.1 MPH)
|
|
Pitching: RHP Rodriguo Persoa
|
|
|
Batting: LHB Stephen Van Raalte
|
0-0: Called Strike 0-1: Called Strike 0-2: Ball 1-2: Ball 2-2: Foul Ball, location: 2F 2-2: Foul Ball, location: 2F 2-2: Ball 3-2: Strikes out looking Fernando Amaya steals 2nd base (no throw) Batter strikes out.
|
|
Batting: RHB Jonathan Quijada
|
0-0: Called Strike 0-1: Ball 1-1: Called Strike 1-2: Strikes out swinging
|
| Bottom of the 9th over - 0 runs, 0 hits, 1 error, 1 left on base; State College 18 - Los Angeles (NYP) 3 |
|